 Dungeon Crawl Stone Soup version 0.22-b1-21-g5cfc1688f2 (webtiles) character file.

10458 Bapho the Carver (level 11, 0/90 (91) HPs)
             Began as a Human Berserker on Aug 6, 2018.
             Was a High Priest of Trog.
             Slain by a brown ugly thing (13 damage)
             ... on level 10 of the Dungeon.
             The game lasted 00:23:22 (12055 turns).

Bapho the Carver (Human Berserker)                 Turns: 12055, Time: 00:23:22

HP:   0/90 (91)     AC:  5    Str: 17    XL:     11   Next: 93%
MP:   11/11         EV:  8    Int:  9    God:    Trog [*****.]
Gold: 503           SH:  0    Dex: 13    Spells: 10/10 levels left

rFire    + . .     SeeInvis .   W - +2 triple sword (slice)
rCold    . . .     Gourm    .   (shield currently unavailable)
rNeg     . . .     Faith    .   K - +0 plate armour (curse)
rPois    .         Spirit   .   (no helmet)
rElec    .         Reflect  .   T - +0 cloak
rCorr    .         Harm     .   (no gloves)
MR       ++...                  l - +1 pair of boots {Stlth+}
Stlth    ..........             y - amulet of regeneration
HPRegen  0.65/turn              C - ring of protection from fire
MPRegen  0.12/turn              B - ring of protection from magic

@: corroded, berserk cooldown, slowed, very slow
A: clumsy 1, magic resistance 1, robust 1, shaggy fur 1
a: Berserk, Trog's Hand, Brothers in Arms, Renounce Religion


You were on level 10 of the Dungeon.
You worshipped Trog.
Trog was extremely pleased with you.
You were hungry.

You visited 1 branch of the dungeon, and saw 11 of its levels.

You collected 503 gold pieces.

Inventory:

Hand Weapons
 a - a +0 falchion
 w - a +1 short sword of electrocution
 A - a +0 shortbow
 D - a +0 great sword
 W - a +2 triple sword of slicing (weapon)
Missiles
 d - 266 stones (quivered)
 s - 123 arrows
Armour
 e - a +1 pair of boots of stealth
 l - a +1 pair of boots of stealth (worn)
 K - a cursed +0 plate armour (worn)
 T - a +0 cloak (worn)
Jewellery
 i - an uncursed ring of see invisible
 m - an uncursed amulet of faith
 p - an uncursed amulet of magic regeneration
 y - an amulet of regeneration (around neck)
 B - a ring of protection from magic (right hand)
 C - a ring of protection from fire (left hand)
 O - the ring "Dim Kimafaor" {AC+2 Int+6 Dex+2, unknown}
   (You found it on level 7 of the Dungeon)

   [ring of protection]

   It affects your AC (+2).
   It affects your intelligence (+6).
   It affects your dexterity (+2).
 P - an uncursed ring of protection from fire
 X - an uncursed ring of poison resistance {unknown}
Wands
 f - a wand of polymorph (9)
 u - a wand of flame (36)
 v - a wand of iceblast (9)
 x - a wand of enslavement (14)
 L - a wand of random effects (28)
 N - a wand of scattershot (7)
 U - a wand of digging (13)
 V - a wand of disintegration (6)
Scrolls
 g - 2 scrolls of amnesia {unknown}
 h - a scroll of fog {unknown}
 j - 4 scrolls of teleportation {unknown}
 k - 6 scrolls of identify
 n - 4 scrolls of fear
 o - 6 scrolls of remove curse {unknown}
 r - 3 scrolls of random uselessness {unknown}
 F - 3 scrolls of blinking {unknown}
Potions
 b - a potion of ambrosia {unknown}
 q - 2 potions of agility
 t - 2 potions of brilliance {unknown}
 z - 2 potions of heal wounds
 E - 2 potions of curing
 G - a potion of degeneration {unknown}
 H - 2 potions of cancellation
 I - a potion of resistance
 M - 3 potions of flight {unknown}
 Q - 2 potions of haste {unknown}
 R - a potion of berserk rage {unknown}
 S - a potion of lignification {unknown}
Comestibles
 c - 16 rations
 J - a chunk of flesh


   Skills:
 + Level 6.4 Fighting
 * Level 14.4 Long Blades
 - Level 6.4 Armour
 - Level 6.4 Dodging


You had 10 spell levels left.
You didn't know any spells.
Your spell library contained the following spells:

 Spells                   Type           Power        Failure   Level  Hunger
 Fireball                 Conj/Fire      #.........   100%        5    ######.
 Apportation              Tloc           #.....       100%        1    ##.....
 Conjure Flame            Conj/Fire      #.......     100%        3    ####...
 Confuse                  Hex            #.......     100%        3    ####...
 Throw Flame              Conj/Fire      #.....       100%        2    ###....
 Summon Small Mammal      Summ           #...         100%        1    ##.....
 Animate Skeleton         Necr           N/A          100%        1    ##.....
 Sticky Flame             Conj/Fire      #.......     100%        4    #####..
 Tukima's Dance           Hex            #.......     100%        3    ####...
 Confusing Touch          Hex            #.....       100%        1    ##.....
 Flame Tongue             Conj/Fire      #....        100%        1    ##.....
 Ensorcelled Hibernation  Hex/Ice        #.....       100%        2    ###....
 Corona                   Hex            #......      100%        1    ##.....
 Inner Flame              Hex/Fire       #.......     100%        3    ####...
 Dazzling Spray           Conj/Hex       #.....       100%        3    ####...


Dungeon Overview and Level Annotations

Branches:
Dungeon (11/15)            Temple (0/1) D:6            Lair (0/6) D:9
    Orc (0/2) D:9

Altars:
Cheibriados
Dithmenos
Fedhas
Gozag
Makhleb
Nemelex Xobeh
Uskayaw
Xom
Beogh

Annotations:
D:6 2 runed doors, Koxtogho's ghost, novice CeFi
D:11 Snorg


Innate Abilities, Weirdness & Mutations

You are clumsy. (Dex -2)
You are resistant to hostile enchantments. (MR+)
You are robust. (+10% HP)
You are covered in fur. (AC +1)


Message History

The brown ugly thing tentacle-slaps you but does no damage.
The brown ugly thing tentacle-slaps you but does no damage.
You hit the brown ugly thing but do no damage.
The brown ugly thing is lightly wounded.
The brown ugly thing tentacle-slaps you!
You are splashed with acid!
The acid burns!
The brown ugly thing tentacle-slaps you but does no damage.
You closely miss the brown ugly thing.
The brown ugly thing is lightly wounded.
The brown ugly thing tentacle-slaps you.
The acid corrodes you!
You are splashed with acid!
The acid burns!
The brown ugly thing tentacle-slaps you.
You are splashed with acid!
The acid burns!
The brown ugly thing tentacle-slaps you but does no damage.
The brown ugly thing tentacle-slaps you!
* * * LOW HITPOINT WARNING * * *
The acid corrodes you!
You are splashed with acid!
The acid burns!
* * * LOW HITPOINT WARNING * * *
The brown ugly thing tentacle-slaps you!
You die...

########
##########################.......
...........................######
...####.##.#####.#########.#
......#.##.# #.##......#.# #
...##.#.##.# ##.##......#.# #
..###..<.#.# #.@...###..#.# #
#..........# #.u##.# #..#.# #
#.........## #..##.# #..#.# #
#.##..#.#.# #.....# #..#.#
#.##..#.#<#####.###.###..#.# #
#.##..#.#.............#..#.######
#.##..#.#######.#.###.#..........
..##.)#.#.........# #......######
##.........####.#.###.#.#### #


You could see a brown ugly thing.

Vanquished Creatures
  3 two-headed ogres
  Pikel (D:8)
  An ugly thing (D:11)
  A centaur skeleton (D:10)
  A troll (D:9)
  Grinder (D:3)
  A hippogriff (D:8)
  A spriggan (D:7)
  9 yaks
  A hungry ghost (D:10)
  A water moccasin (D:10)
  7 orc warriors
  3 porcupines (D:9)
  A sky beast (D:5)
  A slave (D:8)
  A black bear (D:9)
  2 phantoms
  4 centaurs
  4 ice beasts
  A necrophage (D:10)
  5 ogres
  A crocodile (D:9)
  A big kobold (D:10)
  4 bullfrogs
  A scorpion (D:9)
  6 killer bees (D:9)
  3 howler monkeys (D:10)
  4 crimson imps
  2 bullfrog zombies
  2 centaur zombies
  A quasit (D:5)
  5 hounds
  10 orc priests
  4 bullfrog skeletons
  Jessica (D:2)
  Natasha (thrice) (D:2)
  Terence (D:2)
  5 iguanas
  8 orc wizards
  4 worker ants
  A killer bee zombie (D:6)
  A worker ant zombie (D:5)
  8 gnolls
  11 adders
  A shadow imp (D:8)
  An ooze (D:4)
  2 adder zombies
  A worm (D:4)
  2 dart slugs (D:1)
  11 leopard geckos
  59 orcs
  5 bats
  7 giant cockroaches
  9 goblins
  18 hobgoblins
  9 jackals
  5 quokkas
  3 ball pythons (D:1)
  4 frilled lizards
  A jackal zombie (D:5)
  27 kobolds
  A leopard gecko skeleton (D:4)
  7 rats
310 creatures vanquished.

Vanquished Creatures (others)
  A slave (D:9)
  A big kobold (D:9)
  A bullfrog (D:9)
  An orc wizard (D:7)
  An orc (D:8)
  A goblin (D:8)
  2 hobgoblins (D:8)
  2 kobolds (D:9)
  29 fungi (D:9)
  3 plants (D:9)
42 creatures vanquished.

Grand Total: 352 creatures vanquished

Notes
Turn   | Place    | Note
-------+----------+-------------------------------------------
     0 | D:1      | Bapho the Human Berserker began the quest for the Orb.
     0 | D:1      | Reached XP level 1. HP: 18/18 MP: 1/1
   256 | D:1      | Reached XP level 2. HP: 24/24 MP: 2/2
   579 | D:1      | Reached XP level 3. HP: 29/29 MP: 3/3
  1131 | D:1      | Reached ** piety under Trog
  1386 | D:2      | Noticed Terence
  1433 | D:2      | Reached XP level 4. HP: 9/35 MP: 4/4
  1434 | D:2      | Killed Terence
  1722 | D:2      | Reached skill level 4 in Long Blades
  1928 | D:2      | Reached XP level 5. HP: 32/41 MP: 5/5
  2073 | D:2      | Noticed Natasha
  2090 | D:2      | Killed Natasha
  2523 | D:2      | Found a sparkling altar of Nemelex Xobeh.
  2523 | D:2      | Noticed Jessica
  2528 | D:2      | Killed Jessica
  2776 | D:2      | Noticed Natasha
  2789 | D:2      | Killed Natasha
  2852 | D:2      | Noticed Natasha
  2859 | D:2      | Killed Natasha
  2859 | D:2      | Reached XP level 6. HP: 37/48 MP: 6/6
  3191 | D:3      | Found a snail-covered altar of Cheibriados.
  3193 | D:3      | Found an opulent altar of Gozag.
  3248 | D:3      | Found a blossoming altar of Fedhas.
  3252 | D:3      | Found a hide-covered altar of Uskayaw.
  3252 | D:3      | Found a shadowy altar of Dithmenos.
  3654 | D:3      | Noticed Grinder
  3705 | D:3      | Killed Grinder
  3705 | D:3      | Reached skill level 5 in Long Blades
  3705 | D:3      | Reached XP level 7. HP: 55/55 MP: 7/7
  3891 | D:4      | Reached skill level 6 in Long Blades
  4262 | D:4      | Reached XP level 8. HP: 61/61 MP: 8/8
  4773 | D:4      | Found a burning altar of Makhleb.
  4778 | D:4      | Reached skill level 7 in Long Blades
  4896 | D:4      | Found a sparkling altar of Nemelex Xobeh.
  5043 | D:5      | Entered Level 5 of the Dungeon
  5133 | D:5      | Gained mutation: You are agile. (Dex +2) [potion of mutation]
  5133 | D:5      | Gained mutation: Scrolls take you a little longer to read. [potion of mutation]
  5133 | D:5      | Gained mutation: You are somewhat resistant to further mutation. [potion of mutation]
  5134 | D:5      | Lost mutation: You are somewhat resistant to further mutation. [potion of mutation]
  5134 | D:5      | Lost mutation: Scrolls take you a little longer to read. [potion of mutation]
  5134 | D:5      | Lost mutation: You are agile. (Dex +2) [potion of mutation]
  5134 | D:5      | Gained mutation: You are covered in fur. (AC +1) [potion of mutation]
  5134 | D:5      | Gained mutation: You are resistant to hostile enchantments. (MR+) [potion of mutation]
  5134 | D:5      | Gained mutation: You are clumsy. (Dex -2) [potion of mutation]
  5134 | D:5      | Gained mutation: You are robust. (+10% HP) [potion of mutation]
  5246 | D:5      | Reached skill level 8 in Long Blades
  5268 | D:5      | Reached *** piety under Trog
  5590 | D:5      | Reached skill level 9 in Long Blades
  6093 | D:6      | Reached XP level 9. HP: 72/72 MP: 9/9
  6256 | D:6      | Found a staircase to the Ecumenical Temple.
  6289 | D:6      | Reached skill level 10 in Long Blades
  6649 | D:6      | Found a runed door.
  6725 | D:6      | Reached skill level 11 in Long Blades
  6931 | D:6      | Found a runed door.
  6932 | D:6      | Noticed Koxtogho's ghost (novice CeFi)
  7128 | D:6      | Reached **** piety under Trog
  7268 | D:7      | Got a scorched copper ring
  7637 | D:7      | Found a shimmering altar of Xom.
  7928 | D:7      | Reached XP level 10. HP: 69/80 MP: 10/10
  8363 | D:8      | Noticed Pikel
  8382 | D:8      | Killed Pikel
  8382 | D:8      | Reached skill level 12 in Long Blades
  8382 | D:8      | Reached skill level 5 in Armour
  8382 | D:8      | Reached skill level 5 in Dodging
  9261 | D:9      | Found a roughly hewn altar of Beogh.
  9261 | D:9      | Found a staircase to the Orcish Mines.
  9278 | D:9      | Reached ***** piety under Trog
 10110 | D:9      | Found a staircase to the Lair.
 10134 | D:9      | Received a gift from Trog
 10287 | D:9      | Noticed a two-headed ogre
 10291 | D:9      | Killed a two-headed ogre
 10291 | D:9      | Reached skill level 13 in Long Blades
 10291 | D:9      | Reached XP level 11. HP: 85/85 MP: 11/11
 10649 | D:10     | Entered Level 10 of the Dungeon
 11184 | D:10     | Reached skill level 5 in Fighting
 11496 | D:11     | Noticed a two-headed ogre
 11504 | D:11     | Killed a two-headed ogre
 11627 | D:11     | Noticed Snorg
 11858 | D:11     | Reached skill level 14 in Long Blades
 12018 | D:11     | Noticed a two-headed ogre
 12023 | D:11     | Killed a two-headed ogre
 12028 | D:11     | Noticed a green ugly thing
 12036 | D:11     | Killed a green ugly thing
 12038 | D:11     | Noticed a brown ugly thing
 12055 | D:10     | Slain by a brown ugly thing

Skill      XL: |  1  2  3  4  5  6  7  8  9 10 11 |
---------------+----------------------------------+-----
Long Blades    | 4 5 6 9 11 13 14 | 14.4
Armour         | 3 4 6 |  6.4
Dodging        | 3 4 6 |  6.4
Fighting       | 4 6 |  6.4

Action                   |  1- 3 |  4- 6 |  7- 9 | 10-12 || total
-------------------------+-------+-------+-------+-------++-------
Melee: Falchion          |    67 |    66 |       |       ||   133
       Short sword       |       |    67 |       |       ||    67
       Great sword       |       |     2 |   322 |   311 ||   635
       Triple sword      |       |       |       |   159 ||   159
Throw: Stone             |   111 |    75 |   154 |   158 ||   498
Invok: Berserk           |     1 |     7 |     8 |     8 ||    24
       Trog's Hand       |       |       |       |     1 ||     1
  Use: Scroll            |       |       |     6 |     1 ||     7
       Potion            |       |       |     2 |     1 ||     3
 Stab: Sleeping          |     1 |       |       |       ||     1
  Eat: Chunk             |     2 |    13 |    23 |    19 ||    57
       Ration            |       |       |       |     2 ||     2
Armor: Animal skin       |    10 |       |       |       ||    10
       Scale mail        |    12 |    39 |       |       ||    51
       Chain mail        |       |    27 |   252 |       ||   279
       Plate armour      |       |       |    25 |   418 ||   443
Dodge: Dodged            |    36 |    64 |   183 |   224 ||   507
       Rpst.: Falchion   |    12 |    12 |       |       ||    24
       Great sword       |       |     1 |    50 |    39 ||    90
       Triple sword      |       |       |       |    29 ||    29
